 Dungeon Crawl Stone Soup version 0.26-a0-660-gc07710193c (webtiles) character file.

Game seed: 6271675317476944078

6923 rogsnak the Protected (level 11, 0/87 HPs)
             Began as a Formicid Fighter on Oct 4, 2020.
             Was an Elder of Okawaru.
             Slain by an ettin
             ... wielding a +0 dire flail
              (7 damage)
             ... on level 10 of the Dungeon on Oct 5, 2020.
             The game lasted 00:28:12 (11122 turns).

rogsnak the Protected (Formicid Fighter)           Turns: 11122, Time: 00:28:13

Health: 0/87       AC: 27    Str: 31    XL:     11   Next: 27%
Magic:  11/11      EV:  8    Int:  7    God:    Okawaru [****..]
Gold:   708        SH:  6    Dex: 10    Spells: 10/10 levels left

rFire    + . .     SeeInvis +   T - +1 trident (flame)
rCold    + . .     Faith    +   f - +0 buckler
rNeg     . . .     Spirit   .   I - +9 scales of the Dragon King {rPois rF+ rC+ MR+}
rPois    +         Reflect  .   (helmet unavailable)
rElec    .         Harm     .   (no cloak)
rCorr    .         Rampage  .   (no gloves)
MR       ++...                  (no boots)
Stlth    ..........             q - amulet of faith
HPRegen  0.24/turn              n - +6 ring of strength
MPRegen  0.12/turn              V - ring of see invisible (curse)

@: mighty, marked, very slightly contaminated, invisible
A: permanent stasis, dig shafts and tunnels, four strong arms, antennae 3
a: Dig, Shaft Self, Heroism, Renounce Religion


You were on level 10 of the Dungeon.
You worshipped Okawaru.
Okawaru was greatly pleased with you.
You visited 2 branches of the dungeon, and saw 11 of its levels.

You collected 708 gold pieces.

Inventory:

Hand Weapons
 a - a +0 quarterstaff
 i - a +1 dagger of venom
 l - a +1 dagger of holy wrath
 E - a +2 dagger of freezing
 P - a +0 shortbow
 S - a +2 hunting sling of flaming
 T - a +1 trident of flaming (weapon)
Missiles
 e - 422 stones
 g - 43 poisoned darts (quivered)
 k - 3 javelins
 y - 106 arrows
 D - 23 bolts
Armour
 b - a +0 scale mail
 c - a +1 kite shield
 f - a +0 buckler (worn)
 u - a +0 tower shield
 I - the +9 scales of the Dragon King (worn) {rPois rF+ rC+ MR+}
   (You found it on level 5 of the Dungeon)

   It protects you from fire.
   It protects you from cold.
   It protects you from poison.
   It affects your resistance to hostile enchantments.
Magical Staves
 N - an uncursed staff of earth
Jewellery
 n - a +6 ring of strength (left hand)
 q - an amulet of faith (around neck)
 A - an uncursed ring of ice
 J - an uncursed amulet of the acrobat
 M - an uncursed ring of fire
 V - a cursed ring of see invisible (right hand)
 Y - an uncursed ring of protection from fire
 Z - an uncursed ring of flight
Wands
 o - a wand of flame (24)
 r - a wand of iceblast (22)
 H - a wand of random effects (16)
 X - a wand of disintegration (9)
Scrolls
 h - 9 scrolls of identify {unknown}
 p - a scroll of magic mapping {unknown}
 s - 3 scrolls of enchant armour
 t - 3 scrolls of blinking
 x - 2 scrolls of remove curse {unknown}
 F - 3 scrolls of fear {unknown}
 K - a scroll of random uselessness {unknown}
 O - a scroll of torment {unknown}
 Q - a scroll of enchant weapon {unknown}
 R - 3 scrolls of teleportation {unknown}
 U - a scroll of vulnerability {unknown}
Potions
 d - 2 potions of might
 j - 2 potions of heal wounds {unknown}
 m - 2 potions of haste {unknown}
 v - 2 potions of resistance {unknown}
 w - 2 potions of curing
 z - 3 potions of lignification {unknown}
 B - a potion of stabbing {unknown}
 C - a potion of invisibility
 L - a potion of mutation {unknown}
 W - 2 potions of brilliance {unknown}


   Skills:
 + Level 8.4 Fighting
 - Level 2.1 Staves
 + Level 4.0 Throwing
 + Level 11.0 Armour
 + Level 4.9 Dodging
 + Level 3.3 Stealth
 + Level 10.9 Shields
 + Level 0.5 Evocations


You had 10 spell levels left.
You didn't know any spells.
Your spell library contained the following spells:

 Spells                   Type           Power        Failure   Level
 Animate Skeleton         Necr           #.....       100%        1
 Apportation              Tloc           #.....       100%        1
 Corona                   Hex            #......      100%        1
 Summon Small Mammal      Summ           #...         100%        1
 Irradiate                Conj/Tmut      #.........   100%        5
 Hydra Form               Tmut           #.........   100%        6
 Statue Form              Tmut/Erth      #........    100%        6
 Dragon Form              Tmut           #.........   100%        7


Dungeon Overview and Level Annotations

Branches:
Dungeon (10/15)            Temple (1/1) D:6            Lair (0/6) D:8
    Orc: D:9-12

Altars:
Ashenzari
Cheibriados
Okawaru
Uskayaw
Wu Jian
The Shining One

Shops:
D:6 [

Annotations:
D:10 1 runed translucent door, Kaletam's ghost, journeyman DrAE


Innate Abilities, Weirdness & Mutations

You cannot be hasted, slowed, berserked, paralysed or teleported.
You can dig through walls and to a lower floor.
Your four strong arms can wield two-handed weapons with a shield.
You have a pair of large antennae on your head. (SInv)


Message History

It was a scroll of blinking.
Unknown command.
Unknown command.
Okay, then.
You fade into invisibility!
The ettin hits you with a +0 dire flail!!
The ettin barely misses you.
You are very lightly contaminated with residual magic.
Unknown command.
Okay, then.
You feel very mighty all of a sudden.
The ettin hits you with a +0 dire flail!!
* * * LOW HITPOINT WARNING * * *
The ettin hits you with a +2 dire flail of protection.
* * * LOW HITPOINT WARNING * * *
Unknown command.
Okay, then.
You hit the ettin but do no damage.
The ettin hits you with a +0 dire flail!
You die...

........#
#.......###...........
........#
#......)##..#.........
.......<#
#.......)..##.........
........#
#..##########...).....
#.####### #..#.W..$#
###.###### #..#
#..+≈≈≈≈"# #..# ##.#
##.#.{...# ##.# #.#
######### ##.##### #.#
#@.# #...<... ##.####
####C### ###.......
......# #.{oo..#
#..)...... ......#
#......####.#.......
......####
#.o....#....#.......
.........#
#.[....#.####.......
......##.#####........#
#.......
......##....##......###
#.......
......#####......)..#
#.......


You could see an ettin and an orc warrior.

Vanquished Creatures
  A two-headed ogre (D:10)
  A komodo dragon (D:10)
  Grinder (D:3)
  Prince Ribbit (D:8)
  3 wraiths (D:10)
  Duvessa (D:7)
  A sky beast (D:5)
  6 orc warriors
  A necrophage (D:6)
  3 black bears
  An ice beast (D:7)
  2 phantoms
  8 ogres
  2 centaurs
  9 bullfrogs
  A wyvern zombie (D:10)
  2 gnoll sergeants
  4 scorpions
  Dowan (D:7)
  5 wights (D:10)
  2 bullfrog zombies
  7 hounds
  A jelly (D:10)
  4 orc priests
  3 centaur skeletons
  2 iguanas
  2 bullfrog skeletons
  12 worker ants
  5 orc wizards
  Terence (D:2)
  A hound skeleton (D:4)
  A worker ant zombie (D:8)
  13 adders
  17 gnolls
  A howler monkey skeleton (D:9)
  A shadow imp (D:5)
  3 white imps
  2 oozes
  3 adder zombies
  An adder skeleton (D:4)
  2 worms
  3 dart slugs
  9 leopard geckos
  41 orcs
  13 bats
  5 giant cockroaches
  3 hobgoblins
  10 jackals
  9 kobolds
  4 quokkas
  5 ball pythons
  A ball python skeleton (D:4)
  5 frilled lizards
  10 goblins
  A leopard gecko zombie (D:8)
  A quokka skeleton (D:8)
  9 rats
267 creatures vanquished.

Vanquished Creatures (others)
  A fungus (D:8)
  A plant (D:8)
2 creatures vanquished.

Grand Total: 269 creatures vanquished

Notes
Turn   | Place    | Note
-------+----------+-------------------------------------------
     0 | D:1      | rogsnak the Formicid Fighter began the quest for the Orb.
     0 | D:1      | Reached XP level 1. HP: 18/18 MP: 1/1
   167 | D:1      | Reached XP level 2. HP: 23/24 MP: 2/2
   446 | D:1      | Reached XP level 3. HP: 28/29 MP: 3/3
  1283 | D:2      | Noticed Terence
  1284 | D:2      | Reached XP level 4. HP: 36/36 MP: 4/4
  1304 | D:2      | Killed Terence
  1304 | D:2      | Reached skill level 4 in Armour
  1308 | D:2      | Reached skill level 1 in Dodging
  1516 | D:2      | Reached XP level 5. HP: 36/42 MP: 5/5
  1605 | D:2      | Noticed a phantom
  1650 | D:2      | Killed a phantom
  1650 | D:2      | Reached skill level 5 in Shields
  1650 | D:2      | Reached XP level 6. HP: 37/48 MP: 6/6
  2268 | D:3      | Noticed Grinder
  2304 | D:3      | Killed Grinder
  2304 | D:3      | Reached skill level 5 in Armour
  2304 | D:3      | Reached skill level 1 in Stealth
  2304 | D:3      | Reached XP level 7. HP: 8/54 MP: 7/7
  3679 | D:4      | Reached skill level 6 in Armour
  3876 | D:4      | Reached XP level 8. HP: 61/61 MP: 8/8
  4242 | D:3      | Reached skill level 5 in Fighting
  5066 | D:5      | Entered Level 5 of the Dungeon
  5140 | D:5      | Reached skill level 7 in Armour
  5641 | D:5      | Reached XP level 9. HP: 61/68 MP: 9/9
  6059 | D:5      | Found the +9 scales of the Dragon King {rPois rF+ rC+ MR+}
  6583 | D:6      | Reached skill level 8 in Armour
  6741 | D:6      | Found a staircase to the Ecumenical Temple.
  6757 | Temple   | Entered the Ecumenical Temple
  6764 | Temple   | Upgraded the game from 0.26-a0-658-gbdda728c12 to
                  | 0.26-a0-660-gc07710193c
  6768 | Temple   | Became a worshipper of Warmaster Okawaru
  6949 | D:6      | Reached skill level 1 in Throwing
  6988 | D:6      | Found Atugo's Antique Armour Emporium.
  7691 | D:7      | Noticed Dowan
  7738 | D:7      | Killed Dowan
  7833 | D:7      | Reached * piety under Okawaru
  7833 | D:7      | Reached skill level 9 in Armour
  7876 | D:7      | Reached XP level 10. HP: 77/77 MP: 10/10
  8156 | D:7      | Noticed Duvessa
  8178 | D:7      | Killed Duvessa
  8349 | D:8      | Noticed Prince Ribbit
  8391 | D:8      | Killed Prince Ribbit
  8820 | D:8      | Reached ** piety under Okawaru
  8943 | D:8      | Found a staircase to the Lair.
  9583 | D:8      | Found a snail-covered altar of Cheibriados.
  9745 | D:9      | Reached skill level 10 in Armour
 10215 | D:9      | Found a glowing golden altar of the Shining One.
 10458 | D:10     | Entered Level 10 of the Dungeon
 10470 | D:10     | Reached skill level 10 in Shields
 10590 | D:10     | Noticed a two-headed ogre
 10609 | D:10     | Killed a two-headed ogre
 10609 | D:10     | Reached *** piety under Okawaru
 10609 | D:10     | Reached XP level 11. HP: 51/85 MP: 11/11
 10819 | D:10     | Found a runed translucent door.
 10819 | D:10     | Noticed Kaletam's ghost (journeyman DrAE)
 11028 | D:10     | Reached **** piety under Okawaru
 11028 | D:10     | Reached skill level 11 in Armour
 11034 | D:10     | Found a large runed translucent door.
 11035 | D:10     | Found a large runed translucent door.
 11049 | D:10     | Found an ornate altar of the Wu Jian Council.
 11049 | D:10     | Noticed an ettin
 11122 | D:10     | Slain by an ettin

Illustrated notes

Levels and vault maps discovered:
D:1:      dpeg_chamrin_arrival_tetris, layout_basic
D:2:      layout_rooms, chequers_serial_rivers_micro_e, supply_closet_lemuel,
          uniq_terence
D:3:      layout_loops_cross, kennysheep_generic_room_13, uniq_grinder
D:4:      layout_layer_cave, minivault_19
D:5:      layout_loops_ring
D:6:      layout_basic, temple_fountains, serial_shops,
          nicolae_shop_temple_entry_statues_fountains, roderic_batcave
D:7:      layout_cave_pods, dk_noncrumbling_2, kennysheep_generic_room_12,
          uniq_duvessa
D:8:      layout_loops_corners, kennysheep_little_box,
          grunt_lair_entry_orc_guard_hut, minmay_misc_feat_ornament,
          st_stairs_6, minmay_checkerbox, uniq_prince_ribbit1
D:9:      layout_gridville, basic_altar
D:10:     layout_roguey, ebering_ghost_reflecting_pool, jmf_multi_god_temple2
Temple:   minmay_crystal_snake_temple

Skill      XL: |  1  2  3  4  5  6  7  8  9 10 11 |
---------------+----------------------------------+-----
Shields        | 4 5 6 7 10 | 10.9
Armour         | 4 5 6 7 9 10 11 | 11.0
Dodging        | 1 2 3 4 |  4.9
Fighting       | 4 5 6 7 8 |  8.4
Stealth        | 1 2 3 |  3.3
Throwing       | 3 4 |  4.0
Staves         | |  2.1
Evocations     | |  0.5

Action                   |  1- 3 |  4- 6 |  7- 9 | 10-12 || total
-------------------------+-------+-------+-------+-------++-------
Melee: Quarterstaff      |    43 |       |       |       ||    43
       Dagger            |    78 |   120 |   581 |   384 ||  1163
       Trident           |       |       |       |   133 ||   133
Throw: Dart              |       |       |    19 |     6 ||    25
       Javelin           |       |       |     2 |       ||     2
Evoke: Wand              |       |     2 |     1 |     3 ||     6
  Use: Scroll            |       |       |       |     2 ||     2
       Potion            |       |       |       |     2 ||     2
Armor: Scale mail        |    53 |    47 |    87 |       ||   187
       Gold dragon scale |       |       |   147 |   276 ||   423
Dodge: Dodged            |    54 |    71 |   268 |   174 ||   567
Block: Kite shield       |    32 |       |       |       ||    32
       Buckler           |    11 |    29 |   136 |   141 ||   317

Table legend: (Time is in decaauts)
 A = Elapsed time spent in this place.
 B = Non-inter-level travel time spent in this place.
 C = Inter-level travel time spent in this place.
 D = Time resting spent in this place.
 E = Time spent auto-exploring this place.
 F = Levels seen in this place.
 G = Mean time per level.
                   A        B        C        D        E       F      G
               +--------+--------+--------+--------+--------+-----+--------+
         Total |  11158 |  10929 |    229 |   1656 |   5472 |  11 | 1014.4 |
       Dungeon |  11139 |  10910 |    229 |   1656 |   5472 |  10 | 1113.9 |
        Temple |     18 |     18 |      0 |      0 |      0 |   1 |   18.0 |
               +--------+--------+--------+--------+--------+-----+--------+

Top non-repeatable levels by time:
     D:4: 1531 daAuts
     D:8: 1504 daAuts
     D:3: 1344 daAuts
     D:1: 1294 daAuts
     D:5: 1254 daAuts
     D:7: 956 daAuts
     D:2: 906 daAuts
     D:6: 860 daAuts
     D:9: 792 daAuts
    D:10: 694 daAuts
  Temple: 18 daAuts
